 Dungeon Crawl Stone Soup version 0.18.1-50-g88ac8fd (webtiles) character file.

69 Gargoyl the Skirmisher (level 4, 0/37 HPs)
             Began as a Demonspawn Abyssal Knight on Sept 22, 2016.
             Was a Believer of Lugonu.
             Killed by a spatial distortion (2 damage)
             ... on level 4 of the Dungeon.
             The game lasted 00:03:33 (1937 turns).

Gargoyl the Skirmisher (Demonspawn Abyssal Knight)  Turns: 1937, Time: 00:03:34

Health: 0/37       AC: 15    Str: 11 (13) XL:     4   Next: 2%
Magic:  6/6        EV:  2    Int: 12 (14) God:    Lugonu [**....]
Gold:   95         SH:  0    Dex: 11 (12) Spells: 0 memorised, 3 levels left

rFire  . . .     SeeInvis .     a - +1 hand axe
rCold  . . .     Gourm    .     l - +0 plate armour
rNeg   . . .     Faith    +     (no shield)
rPois  .         Spirit   .     (no helmet)
rElec  .         Dismiss  .     (no cloak)
rCorr  .         Reflect  .     (no gloves)
SustAt .         Harm     .     d - +1 pair of boots
MR     .....                    n - amulet of faith
Stlth  ..........               (no ring)
                                (no ring)

@: not resistant to hostile enchantments, extremely unstealthy
A: thin metallic scales 1, rot immunity
a: Depart the Abyss, Bend Space, Renounce Religion


You were on level 4 of the Dungeon.
You worshipped Lugonu.
Lugonu was pleased with you.
You were hungry.

You visited 1 branch of the dungeon, and saw 3 of its levels.
You visited the Abyss 1 time.

You collected 95 gold pieces.

Inventory:

Hand Weapons
 a - a +1 hand axe (weapon)
Armour
 d - a +1 pair of boots (worn)
 l - a +0 plate armour (worn)
Jewellery
 n - an amulet of faith (around neck)
Scrolls
 e - 2 scrolls of teleportation {unknown}
 g - a scroll of vulnerability {unknown}
 i - 2 scrolls of identify {unknown}
 k - 2 scrolls of amnesia {unknown}
 o - 2 scrolls of remove curse {unknown}
 q - 2 scrolls of recharging {unknown}
 r - 2 scrolls of fog {unknown}
Potions
 b - a potion of cancellation {unknown}
 h - a potion of lignification {unknown}
 j - a potion of degeneration
 p - a potion of heal wounds {unknown}
Comestibles
 c - 3 bread rations
 f - a slice of pizza


   Skills:
 + Level 3.7 Fighting
 + Level 2.2 Axes
 * Level 2.6 Armour
 + Level 1.1 Dodging
 * Level 2.8 Invocations


You had 3 spell levels left.
You didn't know any spells.

Dungeon Overview and Level Annotations

Branches:
Dungeon (2/15)             Temple (0/1) D:4

Altars:


Innate Abilities, Weirdness & Mutations

You are partially covered in thin metallic scales (AC +2).
You are immune to rotting.


Message History

You hit the ball python.
You kill the ball python!
Lugonu accepts your kill.
Your plate armour prevents you from hitting the ogre.
The ogre hits you with a giant club.
You slash the ogre!
The ogre is moderately wounded.
The ogre hits you with a giant club!
Your plate armour prevents you from hitting the ogre.
The ogre is moderately wounded.
The ogre hits you with a giant club!
* * * LOW HITPOINT WARNING * * *
You hit the ogre.
The ogre is heavily wounded.
The ogre hits you but does no damage.
Drink which item? (? for menu, Esc to quit)
You feel better. The ogre hits you with a giant club!
* * * LOW HITPOINT WARNING * * *
Space bends around you!
You blink.
You die...

###
#.##.....§.(.#........
........)§..#........
#............S.####.#.
....#
#####..#.#####.####.#
.....
..#.#O.............
....#
##.#.§##..........#+
....# #
#..##............ ....#
#...#............
....#######
#...@.....###....
..........# #.....?...#
#+#. ....#####
#.........# ........#
#.........#
######.####.#.###.###.#
...##...[...#. .# .#
#............. .. #
#..##......#.. ..
#..#########


There were no monsters in sight!

Vanquished Creatures
  2 adders
  An adder skeleton (D:4)
  4 giant geckos
  3 bats
  6 goblins
  7 hobgoblins
  6 jackals
  2 kobolds
  2 ball pythons
  4 giant newts
  A rat (D:1)
38 creatures vanquished.

Notes
Turn   | Place    | Note
--------------------------------------------------------------
     0 | Abyss:1  | Gargoyl the Demonspawn Abyssal Knight began the quest for the Orb.
     0 | Abyss:1  | Reached XP level 1. HP: 18/18 MP: 2/2
    82 | Abyss:1  | Noticed a soul eater
    91 | Abyss:2  | Found a corrupted altar of Lugonu.
   150 | Abyss:2  | Noticed a large abomination
   159 | D:1      | Escaped the Abyss
   376 | D:1      | Reached * piety under Lugonu
   381 | D:1      | Gained mutation: You are immune to rotting. [demonic ancestry]
   381 | D:1      | Reached XP level 2. HP: 24/24 MP: 3/3
   521 | D:1      | Reached skill level 1 in Dodging
   936 | D:2      | Reached XP level 3. HP: 29/29 MP: 4/4
  1307 | D:2      | Reached ** piety under Lugonu
  1629 | D:2      | You fall through a shaft for 2 floors!
  1885 | D:4      | Found a staircase to the Ecumenical Temple.
  1901 | D:4      | Noticed an ogre
  1919 | D:4      | Gained mutation: You are partially covered in thin metallic scales (AC +2). [demonic ancestry]
  1919 | D:4      | Reached XP level 4. HP: 35/37 MP: 6/6
  1934 | D:4      | HP: 1/37 [ogre/giant club (11)]
  1937 | D:4      | Killed by a spatial distortion

Skill      XL: |  1  2 |
---------------+-------+-----
Axes           | 2 |  2.2
Armour         | 2 |  2.6
Dodging        | 1 |  1.1
Fighting       | |  3.7
Invocations    | |  2.8

Action                   |  1- 3 |  4- 6 || total
-------------------------+-------+-------++-------
Melee: Hand axe          |   194 |    16 ||   210
Invok: Depart the Abyss  |     1 |       ||     1
  Use: Potion            |     2 |     1 ||     3
  Eat: Chunk             |     3 |       ||     3
Armor: Chain mail        |    35 |       ||    35
       Plate armour      |   206 |    14 ||   220
Dodge: Dodged            |    32 |     1 ||    33
